 Dungeon Crawl Stone Soup version 0.17.0-26-gececa24 (webtiles) character file.

200 Raultor the Changer (level 5, -7/33 HPs)
             Began as an Octopode Transmuter on Nov 19, 2015.
             Mangled by a gnoll
             ... wielding a +0 club
              (9 damage)
             ... on level 4 of the Dungeon.
             The game lasted 00:10:09 (3961 turns).

Raultor the Changer (Octopode Transmuter)           Turns: 3961, Time: 00:10:09

Health: -7/33      AC:  2    Str: 10    XL:     5   Next: 79%
Magic:  6/8        EV: 20    Int: 15    God:
Gold:   210        SH:  0    Dex: 18    Spells: 3 memorised, 0 levels left

rFire  x . .     SeeInvis .       - Unarmed
rCold  + . .     Clarity  .     (shield currently unavailable)
rNeg   . . .     SustAt   .     (helmet currently unavailable)
rPois  x         Gourm    .     g - amulet of resist corrosion
rElec  .         Spirit   .     j - ring of ice
rCorr  +         Warding  .     (no ring)
rMut   .         Stasis   .     (no ring)
MR     .....                    (no ring)
Stlth  ++........               (no ring)
                                (no ring)
                                (no ring)
                                (no ring)

@: spider-form (expiring), not resistant to hostile enchantments, unstealthy
A: almost no armour, amphibious, 8 rings, (constrict 8), (camouflage 0),
(gelatinous body 0)
a: End Transformation


You were on level 4 of the Dungeon.
You were not hungry.
You were a venomous arachnid creature.
You visited 1 branch of the dungeon, and saw 4 of its levels.

You collected 210 gold pieces.

Inventory:

Missiles
 i - 80 stones (quivered)
 r - 2 throwing nets
Jewellery
 g - an amulet of resist corrosion (around neck)
 j - a ring of ice (left front leg)
Wands
 x - a wand of paralysis (17)
Scrolls
 a - 3 scrolls of immolation {unknown}
 d - 6 scrolls of remove curse {unknown}
 e - a scroll of blinking {unknown}
 l - 5 scrolls of identify {unknown}
 u - a scroll of magic mapping {unknown}
 v - 2 scrolls of teleportation {unknown}
 y - a scroll of noise {unknown}
Potions
 f - 3 potions of might
 h - a potion of cure mutation {unknown}
 n - 3 potions of curing {unknown}
 o - a potion of brilliance {unknown}
 q - 2 potions of ambrosia {unknown}
 s - a potion of degeneration {unknown}
 t - a potion of agility {unknown}
 w - 2 potions of lignification {unknown}
Books
 b - a book of Changes

   Spells                             Type                      Level
   a - Beastly Appendage              Transmutation                1
   b - Sticks to Snakes               Transmutation                2
   c - Spider Form                    Transmutation/Poison         3
   d - Ice Form                       Ice/Transmutation            4
   e - Blade Hands                    Transmutation                5
Comestibles
 c - 3 bread rations
 k - 2 slices of pizza
 m - 6 chunks of flesh
 p - a beef jerky


   Skills:
 - Level 1.0 Fighting
 - Level 2.0 Dodging
 - Level 3.0 Unarmed Combat
 - Level 2.0 Spellcasting
 + Level 5.4 Transmutations
 * Level 1.7 Ice Magic


You couldn't memorise any spells.
You knew the following spells:

 Your Spells              Type           Power        Failure   Level  Hunger
a - Beastly Appendage     Trmt           ###...       10%         1    #......
b - Spider Form           Trmt/Pois      #.........   45%         3    ###....
c - Ice Form              Ice/Trmt       ###.....     75%         4    #####..


Dungeon Overview and Level Annotations

Branches:
Dungeon (4/15)
 Temple: D:4-7

Altars:
Fedhas
The Shining One

Annotations:
D:2 exclusion: oklob plant


Innate Abilities, Weirdness & Mutations

You cannot wear most types of armour.
You are amphibious.
You can wear up to eight rings at the same time.
((You can use your tentacles to constrict eight enemies at once.))
((Your skin changes colour to match your surroundings (Stealth).))
((Your rubbery body absorbs attacks (AC +1).))


Message History

You hit the adder.
The adder is poisoned.
The adder is severely wounded.
The adder bites you. The gnoll barely misses you. The adder misses you.
You hit the adder but do no damage.
The adder looks even sicker.
The adder is severely wounded.
Your transformation is almost over.
The gnoll closely misses you. The adder bites you.
You hit the adder.
You kill the adder!
The gnoll hits you with a club.
* * * LOW HITPOINT WARNING * * *
You are too injured to fight recklessly!
You hit the gnoll.
The gnoll is moderately wounded.
The gnoll hits you with a club!
* * * LOW HITPOINT WARNING * * *
You closely miss the gnoll.
The gnoll is moderately wounded.
The gnoll hits you with a club!
You die...

#........#...........#
####....###....####'#####
####....###....###..##..##
................#........#
................#........#
................#........#
###########....###..##..##
##....###....###..#####
.....(.......)s....#
....?........g.....#
................>..#
...................#
...................#
.##.....#..#..#.#..#
##################


You could see a gnoll.

Vanquished Creatures
  Ijyb (D:2)
  Jessica (D:2)
  A gnoll (D:4)
  5 adders
  An ooze (D:1)
  A worm (D:2)
  2 giant geckos
  2 orcs
  5 giant cockroaches
  17 goblins
  12 hobgoblins
  2 jackals (D:1)
  3 kobolds (D:2)
  3 quokkas
  A ball python (D:1)
  8 bats
  4 giant newts
  7 rats
76 creatures vanquished.

Notes
Turn   | Place    | Note
--------------------------------------------------------------
     0 | D:1      | Raultor the Octopode Transmuter began the quest for the Orb.
     0 | D:1      | Reached XP level 1. HP: 13/13 MP: 3/3
   125 | D:1      | Reached XP level 2. HP: 4/18 MP: 5/5
   661 | D:1      | Reached XP level 3. HP: 21/23 MP: 6/6
   670 | D:1      | Learned a level 3 spell: Spider Form
  1370 | D:2      | Noticed Ijyb
  1378 | D:2      | Killed Ijyb
  1378 | D:2      | Reached skill level 4 in Transmutations
  1378 | D:2      | Reached XP level 4. HP: 21/28 MP: 3/7
  1412 | D:2      | Found a blossoming altar of Fedhas.
  1427 | D:2      | Noticed an oklob plant
  2091 | D:2      | Noticed Jessica
  2098 | D:2      | Killed Jessica
  2191 | D:2      | Reached skill level 5 in Transmutations
  2207 | D:2      | Reached XP level 5. HP: 17/33 MP: 8/8
  2606 | D:2      | Learned a level 4 spell: Ice Form
  2976 | D:3      | Reached skill level 1 in Ice Magic
  2981 | D:3      | Noticed an ice beast
  3395 | D:3      | Found a glowing golden altar of the Shining One.
  3961 | D:4      | Mangled by a gnoll

Action                   |  1- 3 |  4- 6 || total
-------------------------+-------+-------++-------
Melee: Unarmed           |    63 |   130 ||   193
 Cast: Spider Form       |     1 |     6 ||     7
 Stab: Sleeping          |     7 |    13 ||    20
  Eat: Chunk             |     1 |     9 ||    10
